AoeStats
← Nand_offline

Arabia

509957772Analyzed
1v1 RM · 2d ago on Sep 28, 2026· 21m 23s· 2 players
Game mode
Random Map
Map size
Tiny (2 player)
Population
200
Speed
Normal
Resources
Standard
Victory
Conquest
Starting age
Dark Age
Ending age
Imperial Age
RankedLock teamsTeams togetherTeam positionsShared explorationLock speedFull tech treeHidden civsTurbo modeCheats
Victory
Defeat
🇺🇾 Khmer · Uruguay
629
+17
🇫🇷 Franks · France
658
-17
Nand_offline
2:02 Loom
10:09 Feudal Age
10:44 Double-Bit Axe
10:23 Man-at-Arms
11:07 Horse Collar
19:00 Fletching
19:11 Padded Archer Armor
23:16 Castle Age
Naranja
11:51 Feudal Age
12:18 Double-Bit Axe
20:45 Castle Age
Connection lost

Rejoining the realm…

Still unreachable

The connection could not be restored.

Session expired

The server has moved on; the page needs a fresh start.